 Dungeon Crawl Stone Soup version 0.29.1-1-gd02db6906a (webtiles) character file.

Game seed: 17419786053220321701

687 LustLizard the Slasher (level 7, 0/54 HPs)
             Began as a Demonspawn Gladiator on Oct 18, 2022.
             Slain by Duvessa
             ... wielding a +2 short sword of flaming
              (2 damage)
             ... on level 6 of the Dungeon.
             The game lasted 00:06:01 (4300 turns).

LustLizard the Slasher (Demonspawn Gladiator)       Turns: 4300, Time: 00:06:02

Health: 0/54       AC: 14    Str: 14    XL:     7   Next: 35%
Magic:  7/7        EV: 12    Int:  9    God:
Gold:   154        SH:  0    Dex: 23    Spells: 6/6 levels left

rFire   . . .      SeeInvis .   a - +0 long sword
rCold   . . .      Faith    .   (no shield)
rNeg    . . .      Spirit   .   f - +0 ring mail
rPois   .          Reflect  .   c - +0 helmet
rElec   .          Harm     .   l - +0 cloak
rCorr   .          Rampage  .   A - +0 pair of gloves
Will    .....                   r - +0 pair of boots of Fedhas's Regard {Slay+3}
Stlth   +.........              E - amulet of magic regeneration
HPRegen 0.18/turn               n - +6 ring of dexterity
MPRegen 0.50/turn               B - +4 ring of protection

@: no status effects
A: spiny 1, sharp scales 1, demonic magic 1
a: no special abilities


You were on level 6 of the Dungeon.
You visited 1 branch of the dungeon, and saw 6 of its levels.

You collected 297 gold pieces.
You spent 143 gold pieces at shops.

Inventory:

Hand Weapons
 a - a +0 long sword (weapon)
Missiles
 d - 2 throwing nets (quivered)
 e - a javelin
 g - 50 stones
 i - 14 poisoned darts
Armour
 b - a +0 leather armour
 c - a +0 helmet (worn)
 f - a +0 ring mail (worn)
 l - a +0 cloak (worn)
 r - the +0 pair of boots of Fedhas's Regard (worn) {Slay+3}
   (You found it on level 2 of the Dungeon)

   Slay:      It affects your accuracy & damage with ranged weapons and melee
   (+3).
 A - a +0 pair of gloves (worn)
 C - a +0 chain mail
Jewellery
 n - a +6 ring of dexterity (left hand)
 B - a +4 ring of protection (right hand)
 E - an amulet of magic regeneration (around neck)
Wands
 p - a wand of polymorph (4)
 s - a wand of paralysis (13)
Scrolls
 h - 3 scrolls of fear
 k - a scroll of fog {unknown}
 q - 2 scrolls of poison {unknown}
 u - a scroll of enchant armour {unknown}
 y - a scroll of brand weapon {unknown}
 D - a scroll of summoning {unknown}
 F - a scroll of blinking {unknown}
 G - a scroll of enchant weapon {unknown}
Potions
 j - a potion of cancellation
 m - 3 potions of haste
 o - 2 potions of might
 t - 2 potions of lignification
 v - 2 potions of curing
 w - 2 potions of invisibility
 x - a potion of brilliance
 z - a potion of attraction {unknown}
 H - a potion of mutation {unknown}


   Skills:
 + Level 4.0 Fighting
 * Level 5.3 Long Blades
 * Level 5.0 Throwing
 - Level 2.6 Dodging


You had 6 spell levels left.
You didn't know any spells.
Your spell library contained the following spells:

 Spells                   Type           Power      Damage    Failure   Level
 Ensorcelled Hibernation  Hex/Ice        0%         N/A       77%         2
 Sublimation of Blood     Necr           0%         N/A       77%         2
 Confusing Touch          Hex            0%         N/A       94%         3
 Spider Form              Tmut/Pois      0%         N/A       94%         3
 Anguish                  Hex/Necr       0%         N/A       100%        4
 Petrify                  Tmut/Erth      0%         N/A       100%        4
 Irradiate                Conj/Tmut      0%         3d11      100%        5
 Summon Forest            Summ/Tloc      0%         N/A       100%        5
 Summon Mana Viper        Hex/Summ       0%         N/A       100%        5
 Yara's Violent Unravell  Hex/Tmut       0%         3d3       100%        5
 Summon Cactus Giant      Summ           0%         N/A       100%        6
 Enfeeble                 Hex            0%         N/A       100%        7


Dungeon Overview and Level Annotations

Branches:
Dungeon (6/15)
 Temple: D:4-7

Altars:

Shops:
D:2 !

Annotations:
D:5 2 transporters, miserystealer's ghost, novice GnHu
D:6 Duvessa


Innate Abilities, Weirdness & Mutations

You are partially covered in sharp spines.
You are partially covered in razor-sharp scales. (AC +1, Slay +1)
Spells you cast may paralyse adjacent enemies.


Message History

You closely miss Duvessa.
Duvessa is moderately wounded.
Duvessa is struck by your spines. Duvessa closely misses you.
You closely miss Duvessa.
Duvessa is moderately wounded.
Duvessa closely misses you.
Duvessa hits you with a +2 short sword of flaming!
Duvessa burns you.
You barely miss Duvessa.
Duvessa is heavily wounded.
Duvessa hits you but does no damage. Duvessa is struck by your spines.
Duvessa closely misses you.
You slash Duvessa!
Duvessa is severely wounded.
Duvessa hits you with a +2 short sword of flaming.
Duvessa burns you.
You hit Duvessa but do no damage.
Duvessa is severely wounded.
Duvessa completely misses you.
Duvessa hits you with a +2 short sword of flaming!
Duvessa burns you.
You slash Duvessa!
Duvessa is almost dead.
Duvessa closely misses you. Duvessa misses you.
You hit Duvessa but do no damage.
Duvessa is almost dead.
Duvessa hits you with a +2 short sword of flaming!
* * * LOW HITPOINT WARNING * * *
Duvessa burns you.
* * * LOW HITPOINT WARNING * * *
You barely miss Duvessa. You punch Duvessa, but do no damage.
Duvessa is almost dead.
Duvessa is struck by your spines. Duvessa barely misses you.
Duvessa hits you but does no damage.
You hit Duvessa but do no damage.
Duvessa is almost dead.
Duvessa hits you with a +2 short sword of flaming.
* * * LOW HITPOINT WARNING * * *
Duvessa burns you.
You die...

##..###
#.##.###
##...###
#.##.#
###...#
#.##.#
###.##
#.##.# #..#
#.#...
##.###.#..#
#)#<..#..#
###.#####(.#
+..@e(..(...
###.########
#..# ##...
.... #####


You could see Duvessa (berserk, very poisoned).

Vanquished Creatures
  A water moccasin (D:5)
  An ogre (D:5)
  A phantom (D:5)
  A bullfrog (D:4)
  A scorpion (D:4)
  Dowan (D:6)
  An orc priest (D:5)
  A hound (D:4)
  A jelly (D:3)
  An iguana (D:5)
  3 adders
  A shadow imp (D:6)
  An ufetubus (D:5)
  3 worms
  A dart slug (D:2)
  9 orcs
  7 endoplasms
  2 giant cockroaches
  6 goblins
  10 hobgoblins
  4 jackals (D:3)
  5 kobolds
  4 quokkas
  3 ball pythons
  2 bats
  2 frilled lizards
  9 rats
82 creatures vanquished.

Notes
Turn   | Place    | Note
-------+----------+-------------------------------------------
     0 | D:1      | LustLizard the Demonspawn Gladiator began the quest for the
                  | Orb.
     0 | D:1      | Reached XP level 1. HP: 16/16 MP: 1/1
   412 | D:1      | Gained mutation: You are partially covered in sharp spines.
                  | [demonic ancestry]
   412 | D:1      | Reached XP level 2. HP: 19/22 MP: 2/2
  1385 | D:2      | Reached XP level 3. HP: 28/28 MP: 3/3
  1468 | D:2      | Identified the +0 pair of boots of Fedhas's Regard {Slay+3}
  1622 | D:2      | Found Wudukh's Distillery.
  1643 | D:2      | Bought a potion of curing for 33 gold pieces
  1740 | D:2      | Reached XP level 4. HP: 33/34 MP: 4/4
  2912 | D:2      | Bought a potion of haste for 110 gold pieces
  3000 | D:4      | Noticed a scorpion
  3009 | D:4      | Killed a scorpion
  3010 | D:4      | Gained mutation: You are partially covered in razor-sharp
                  | scales. (AC +1, Slay +1) [demonic ancestry]
  3010 | D:4      | Reached XP level 5. HP: 34/41 MP: 5/5
  3121 | D:4      | Reached XP level 6. HP: 47/47 MP: 6/6
  3642 | D:5      | Entered Level 5 of the Dungeon
  3655 | D:5      | Found a transporter.
  3738 | D:5      | Noticed miserystealer's ghost (novice GnHu)
  3740 | D:5      | Found a transporter.
  3860 | D:5      | Reached skill level 5 in Long Blades
  3860 | D:5      | Noticed a water moccasin
  3866 | D:5      | Killed a water moccasin
  3867 | D:5      | Gained mutation: Spells you cast may paralyse adjacent
                  | enemies. [demonic ancestry]
  3867 | D:5      | Reached XP level 7. HP: 32/53 MP: 7/7
  4272 | D:6      | Noticed Duvessa
  4272 | D:6      | Noticed Dowan
  4278 | D:6      | Killed Dowan
  4279 | D:6      | Reached skill level 5 in Throwing
  4300 | D:6      | HP: 2/54 [Duvessa/+2 short sword of flaming (3)]
  4300 | D:6      | Slain by Duvessa

Illustrated notes

Levels and vault maps discovered:
D:1:      minmay_arrival_split_and_join, layout_basic, minmay_misc_feat_doors
D:2:      layout_loops_ring, serial_shops, shop_fountains,
          minmay_three_crescents
D:3:      layout_loops_ring
D:4:      layout_loops_ring
D:5:      layout_rooms, gammafunk_ghost_arena
D:6:      layout_basic, uniq_duvessa

Skill      XL: |  1  2  3  4  5  6  7 |
---------------+----------------------+-----
Throwing       | 2 3 4 5 |  5.0
Long Blades    | 3 4 5 |  5.3
Fighting       | 3 4 |  4.0
Dodging        | |  2.6

Action                   |  1- 3 |  4- 6 |  7- 9 || total
-------------------------+-------+-------+-------++-------
Melee: Long sword        |    89 |    71 |    20 ||   180
       Punch             |     2 |     1 |     1 ||     4
Throw: Dart              |       |     5 |     4 ||     9
       Stone             |       |     1 |       ||     1
       Throwing net      |       |       |     1 ||     1
  Use: Scroll            |     1 |     5 |       ||     6
       Potion            |       |     1 |       ||     1
 Stab: Sleeping          |       |     1 |       ||     1
Armor: Ring mail         |    24 |    31 |     3 ||    58
Dodge: Dodged            |    47 |    33 |    14 ||    94
